 Dungeon Crawl Stone Soup version 0.17.1-3-g152610e (webtiles) character file.

23 macross the Grasshopper (level 3, -1/28 (29) HPs)
             Began as a Ghoul Warper on Apr 21, 2016.
             Slain by a rat (3 damage)
             ... on level 2 of the Dungeon.
             The game lasted 00:04:11 (1331 turns).

macross the Grasshopper (Ghoul Warper)              Turns: 1331, Time: 00:04:12

HP:   -1/28 (29)    AC:  3    Str: 17    XL:     3   Next: 0%
MP:   4/4           EV: 11    Int:  8    God:
Gold: 119           SH:  0    Dex:  8    Spells: 1 memorised, 4 levels left

rFire  . . .     SeeInvis .       - Unarmed
rCold  + . .     Clarity  .     o - +0 leather armour
rNeg   + + +     SustAt   .     (no shield)
rPois  ∞         Gourm    .     (no helmet)
rElec  .         Spirit   .     (no cloak)
rCorr  .         Warding  .     (no gloves)
rMut   .         Stasis   .     (no boots)
MR     .....                    (no amulet)
Stlth  ++........               k - +2 ring of strength
                                j - ring of stealth

@: rotting, not resistant to hostile enchantments, unstealthy
A: rotting body, claws 1, carnivore 3, cold resistance 1, negative energy
resistance 3, slow regeneration 1, torment resistance, unbreathing
a: no special abilities


You were on level 2 of the Dungeon.
You were very hungry.

You visited 1 branch of the dungeon, and saw 2 of its levels.

You collected 119 gold pieces.

Inventory:

Hand Weapons
 i - a +0 dagger
 l - a +0 short sword
Missiles
 d - 5 tomahawks of dispersal (quivered)
Armour
 a - a +0 leather armour
 n - a +0 robe
 o - a +0 leather armour (worn)
Jewellery
 j - a ring of stealth (left claw)
 k - a +2 ring of strength (right claw)
Scrolls
 c - a scroll of blinking
 p - a scroll of random uselessness {unknown}
Potions
 f - 4 potions of curing {unknown}
 g - a potion of brilliance {unknown}
 h - 2 potions of lignification {unknown}
 q - a potion of ambrosia {unknown}
 r - a potion of haste {unknown}
Books
 b - a book of Spatial Translocations

   Spells                             Type                      Level
   a - Apportation                    Translocation                1
   b - Blink                          Translocation                2
   c - Shroud of Golubria             Charms/Translocation         2
   d - Portal Projectile              Translocation                3
   e - Teleport Other                 Translocation                3
   f - Passage of Golubria            Translocation                4
Comestibles
 e - 2 meat rations
 m - 2 royal jellies


   Skills:
 + Level 2.2 Fighting
 - Level 0.8 Throwing
 + Level 1.2 Armour
 + Level 2.1 Dodging
 + Level 0.2 Stealth
 + Level 2.6 Unarmed Combat
 + Level 1.7 Spellcasting
 + Level 2.9 Translocations


You had 4 spell levels left.
You knew the following spells:

 Your Spells              Type           Power        Failure   Level  Hunger
a - Apportation           Tloc           #.........   17%         1    ##.....


Dungeon Overview and Level Annotations

Branches:
Dungeon (2/15)

Altars:


Innate Abilities, Weirdness & Mutations

Your body is rotting away.
You thrive on raw meat.
You are immune to poison.
You have sharp fingernails.
You are carnivorous and can eat meat at any time.
Your flesh is cold resistant.
You are immune to negative energy.
You regenerate slowly when monsters are visible.
You are immune to unholy pain and torment.
You can survive without breathing.


Message History

Your base attributes are Str 14, Int 8, Dex 8.
Increase (S)trength, (I)ntelligence, or (D)exterity?
You feel stronger. The rat bites you but does no damage.
The rat closely misses you. The rat bites you but does no damage.
The rat closely misses you. The rat closely misses you.
The rat barely misses you. The rat misses you. The worm bites you.
The rat bites you. The rat bites you but does no damage.
The worm barely misses you. The rat bites you but does no damage.
The rat barely misses you. The worm bites you.
* * * LOW HITPOINT WARNING * * *
The rat closely misses you. The worm bites you.
* * * LOW HITPOINT WARNING * * *
The rat bites you.
You die...

.... #.###+##
....#......#
...#....!.#
..#.....<##
#.#........
#####.....[....
........w........
#.....@###+#....
#......r......#
#.......##.#..#
#.....#.#.....# #
#.....#.#..##.#
####+#+##
#..........##.#
.(......#
#....###...##.#
##.(....# #####
#...##.#
#.†)...##
#...##)#


You could see a worm and a rat.

Vanquished Creatures
  2 ball pythons (D:1)
  A giant cockroach (D:1)
  3 hobgoblins (D:1)
  A bat (D:1)
  3 giant newts
  4 goblins
  6 kobolds
  4 rats
24 creatures vanquished.

Notes
Turn   | Place    | Note
--------------------------------------------------------------
     0 | D:1      | macross the Ghoul Warper began the quest for the Orb.
     0 | D:1      | Reached XP level 1. HP: 17/17 MP: 2/2
   200 | D:1      | Reached skill level 1 in Armour
   352 | D:1      | Reached XP level 2. HP: 24/24 MP: 3/3
  1316 | D:2      | Reached XP level 3. HP: 18/28 MP: 4/4
  1331 | D:2      | Slain by a rat

Action                   || total
-------------------------++-------
Melee: Unarmed           ||    75
       Short sword       ||    11
 Stab: Sleeping          ||     1
